 Dungeon Crawl Stone Soup version 0.26.1-10-gdfb7c7de75 (webtiles) character file.

Game seed: 381021958465404155

387 MalarOregon the Caller (level 7, -2/45 HPs)
             Began as a Halfling Summoner on Apr 4, 2021.
             Killed from afar by an orc wizard (7 damage)
             ... with a puff of flame
             ... on level 5 of the Dungeon.
             The game lasted 00:12:02 (6960 turns).

MalarOregon the Caller (Halfling Summoner)          Turns: 6960, Time: 00:12:02

Health: -2/45      AC:  6    Str: 10    XL:     7   Next: 6%
Magic:  1/10       EV: 12    Int: 14    God:
Gold:   180        SH:  0    Dex: 15    Spells: 5/11 levels left

rFire    . . .     SeeInvis .   n - +0 spear
rCold    . . .     Faith    .   (shield restricted)
rNeg     . . .     Spirit   .   o - +0 scale mail
rPois    .         Reflect  .   (no helmet)
rElec    .         Harm     .   (no cloak)
rCorr    .         Rampage  .   (no gloves)
Will     .....                  (no boots)
Stlth    +.........             (no amulet)
HPRegen  0.15/turn              (no ring)
MPRegen  0.12/turn              (no ring)

@: very slightly contaminated
A: small, mutation resistance 1
a: no special abilities


You were on level 5 of the Dungeon.
You visited 1 branch of the dungeon, and saw 5 of its levels.

You collected 180 gold pieces.

Inventory:

Hand Weapons
 n - a +0 spear (weapon)
   (You found it on level 3 of the Dungeon)
Missiles
 b - 350 stones
 j - 31 poisoned darts
Armour
 o - a +0 scale mail (worn)
   (You found it on level 3 of the Dungeon)
Wands
 t - a wand of flame (13)
   (You took it off Natasha on level 2 of the Dungeon)
Scrolls
 a - 2 scrolls of immolation {!r}
 d - a scroll of teleportation {@r4}
 f - 2 scrolls of remove curse {@r2}
 g - 3 scrolls of identify {@r1}
 h - a scroll of fog {unknown}
 i - 2 scrolls of fear {unknown}
 k - a scroll of enchant armour {unknown}
 m - a scroll of blinking {unknown}
 p - a scroll of enchant weapon {unknown}
Potions
 c - 2 potions of curing {@q1}
 e - a potion of brilliance {unknown}
 l - a potion of ambrosia {unknown}
 q - a potion of lignification {unknown}


   Skills:
 + Level 2.1 Fighting
 + Level 1.1 Polearms
 + Level 2.1 Armour
 + Level 3.7 Dodging
 - Level 2.1 Stealth
 + Level 2.5 Spellcasting
 * Level 4.6 Summonings


You had 5 spell levels left.
You knew the following spells:

 Your Spells              Type           Power        Failure   Level
a - Summon Small Mammal   Summ           56%          22%         1
c - Call Canine Familiar  Summ           14%          56%         3
x - Call Imp              Summ           14%          34%         2

Your spell library contained the following spells:

 Spells                   Type           Power        Failure   Level
 Summon Guardian Golem    Hex/Summ       8%           86%         3
 Summon Ice Beast         Ice/Summ       8%           99%         4
 Summon Lightning Spire   Summ/Air       8%           99%         4


Dungeon Overview and Level Annotations

Branches:
Dungeon (5/15)
 Temple: D:4-7

Altars:
Sif Muna
The Shining One

Annotations:
D:3 1 runed translucent door, MalarOregon's ghost, amateur HaHu


Innate Abilities, Weirdness & Mutations

You are small and have problems with some larger weapons.
You are somewhat resistant to further mutation.


Message History

The orc wizard gestures wildly while chanting.
The orc wizard seems to speed up.
A beastly little devil appears in a puff of flame.
The orc wizard casts a spell at itself.
The orc wizard flickers and vanishes!
Deactivating autopickup; reactivate with Ctrl-A.
You miscast Call Imp.
Nothing appears to happen.
The orc wizard casts a spell at itself.
The orc wizard flickers and vanishes!
The orc wizard casts a spell at you. The puff of flame hits you.
A shadowy apparition takes form in the air.
The orc closely misses your shadow imp.
Your crimson imp blinks!
The orc wizard looks satisfied for a moment.
You reach to attack!
You barely miss the orc wizard.
The orc hits your shadow imp with a +0 short sword.
A sky beast comes into view.
Your shadow imp gestures at the orc.
The orc writhes in agony!
The orc dies!
You hit the orc wizard. The orc wizard barely misses you.
The sky beast flickers out of sight!
Something hits your shadow imp.
The orc priest mumbles some strange prayers to Beogh against you.
Beogh smites you!
Your shadow imp closely misses the orc wizard.
The orc wizard hits you but does no damage.
Your crimson imp hits the orc wizard.
Your shadow imp appears confused.
Your shadow imp closely misses something.
Something hits your shadow imp.
Your crimson imp completely misses the orc wizard.
The orc wizard hits you but does no damage.
You barely miss the orc wizard.
The orc wizard gestures at you while chanting.
The puff of flame hits you!
* * * LOW HITPOINT WARNING * * *
The orc priest calls down the wrath of Beogh upon you.
Beogh smites you!
* * * LOW HITPOINT WARNING * * *
Your crimson imp blinks!
Okay, then.
You hit the orc wizard but do no damage.
The orc priest calls upon Beogh to heal the orc wizard.
The orc wizard is healed somewhat.
Your crimson imp blinks!
The orc wizard gestures at you while chanting.
The puff of flame hits you!
You die...

..........)..##
#......)).####
#..........####
.....##..(###.## .
##...##.....#..##### ..
##..##.##.....#.#.## ...
#..##.##..........# ....
#..##.####.........
.....####@.#.#.##..†......
{...)..o.o................
#.....{..................
##...5....###............
#=..#§...................
#?. #....................
..( ......................
## #.[#...........##......
#..##.#......... ......


You could see an orc priest, an orc wizard (fast) and a friendly shadow imp
(summoned, confused).

Vanquished Creatures
  An orc priest (D:3)
  A centaur skeleton (D:4)
  An orc wizard (D:4)
  Natasha (D:2)
  3 adders
  An adder skeleton (D:4)
  A worm (D:2)
  3 leopard geckos (D:1)
  6 orcs
  2 bats
  2 goblins (D:2)
  4 hobgoblins
  2 jackals
  A quokka (D:3)
  A ball python (D:3)
  2 frilled lizards
  A jackal skeleton (D:4)
  3 kobolds
  4 rats
40 creatures vanquished.

Vanquished Creatures (collateral kills)
  A centaur (D:5)
  A scorpion (D:5)
  An orc wizard (D:3)
  Natasha (twice) (D:2)
  A worker ant (D:4)
  A howler monkey skeleton (D:4)
  4 adders
  An ufetubus (D:5)
  2 worms
  2 dart slugs (D:2)
  2 leopard geckos
  11 orcs
  4 bats
  4 giant cockroaches
  9 goblins
  5 hobgoblins
  4 jackals
  4 kobolds
  2 rats (D:1)
61 creatures vanquished.

Vanquished Creatures (others)
  An orc (D:5)
1 creature vanquished.

Grand Total: 102 creatures vanquished

Notes
Turn   | Place    | Note
-------+----------+-------------------------------------------
     0 | D:1      | MalarOregon the Halfling Summoner began the quest for the
                  | Orb.
     0 | D:1      | Reached XP level 1. HP: 11/11 MP: 3/3
   313 | D:1      | Reached XP level 2. HP: 3/18 MP: 1/4
   551 | D:1      | Learned a level 2 spell: Call Imp
  1304 | D:1      | Reached XP level 3. HP: 18/22 MP: 0/5
  1841 | D:1      | Reached skill level 1 in Fighting
  2760 | D:2      | Found a glowing golden altar of the Shining One.
  2785 | D:2      | Noticed Natasha
  2795 | D:2      | Killed Natasha
  2796 | D:2      | Reached XP level 4. HP: 28/28 MP: 5/7
  3006 | D:2      | Found a shimmering blue altar of Sif Muna.
  3444 | D:2      | Reached XP level 5. HP: 33/33 MP: 1/8
  3616 | D:2      | Noticed Natasha
  3625 | D:2      | Killed Natasha
  3952 | D:2      | Found a shimmering blue altar of Sif Muna.
  3952 | D:2      | Noticed Natasha
  3960 | D:2      | Killed Natasha
  3961 | D:2      | Reached skill level 1 in Armour
  3961 | D:2      | Reached skill level 4 in Summonings
  4374 | D:3      | Found a faded altar of an unknown god.
  4689 | D:3      | Found a runed translucent door.
  4691 | D:3      | Noticed MalarOregon's ghost (amateur HaHu)
  5465 | D:4      | Learned a level 3 spell: Call Canine Familiar
  5526 | D:3      | Reached XP level 6. HP: 28/39 MP: 2/9
  6593 | D:4      | You fall into a shaft and drop 1 floor!
  6593 | D:5      | Entered Level 5 of the Dungeon
  6645 | D:5      | Reached skill level 1 in Polearms
  6856 | D:5      | Reached XP level 7. HP: 41/45 MP: 0/10
  6960 | D:5      | Killed from afar by an orc wizard

Illustrated notes

Levels and vault maps discovered:
D:1:      dpeg_arrival_morbid_curiosity, layout_basic,
          chequers_serial_rivers_micro_b
D:2:      layout_basic, lemuel_round_altar, lemuel_round_altar,
          minmay_pentomino_z4, uniq_natasha
D:3:      layout_rooms, ebering_ghost_inner_flame,
          chequers_ecumenical_altar_simple_redux
D:4:      layout_basic
D:5:      layout_cave_pools, minivault_19, led_sif_pool

Skill      XL: |  1  2  3  4  5  6 |
---------------+-------------------+-----
Fighting       | 1 2 |  2.1
Spellcasting   | 2 |  2.5
Dodging        | 3 |  3.7
Armour         | 1 2 |  2.1
Summonings     | 4 |  4.6
Polearms       | 1 |  1.1
Stealth        | |  2.1

Action                   |  1- 3 |  4- 6 |  7- 9 || total
-------------------------+-------+-------+-------++-------
Melee: Unarmed           |    10 |       |       ||    10
       Mace              |    41 |       |       ||    41
       Whip              |    46 |    11 |       ||    57
       Dagger            |       |    37 |       ||    37
       Spear             |       |   136 |     4 ||   140
 Cast: Summon Small Mamm |    14 |    51 |       ||    65
       Call Imp          |    21 |    26 |     2 ||    49
  Use: Scroll            |     4 |     1 |       ||     5
 Stab: Sleeping          |     2 |     1 |       ||     3
       Distracted        |     1 |     3 |       ||     4
Armor: Robe              |    32 |       |       ||    32
       Ring mail         |     2 |    20 |       ||    22
       Scale mail        |       |    62 |     1 ||    63
Dodge: Dodged            |   107 |   155 |     1 ||   263
